 Dungeon Crawl Stone Soup version 0.19-a0-36-g4a0968a (webtiles) character file.

23 namelastname112 the Magician (level 2, -4/22 HPs)
             Began as a Draconian Wizard on May 4, 2016.
             Slain by Terence
             ... wielding a +0 hand axe
              (7 damage)
             ... on level 1 of the Dungeon.
             The game lasted 00:02:10 (941 turns).

namelastname112 the Magician (Draconian Wizard)      Turns: 941, Time: 00:02:11

Health: -4/22      AC:  4    Str:  9    XL:     2   Next: 75%
Magic:  1/6        EV: 12    Int: 18    God:
Gold:   57         SH:  0    Dex: 12    Spells: 2 memorised, 4 levels left

rFire  . . .     SeeInvis .     j - +0 short sword
rCold  . . .     Gourm    .     (armour unavailable)
rNeg   . . .     Faith    .     (no shield)
rPois  .         Spirit   .     a - +0 hat
rElec  .         Dismiss  .     (no cloak)
rCorr  .         Reflect  .     (no gloves)
SustAt .         Harm     .     (no boots)
MR     .....                    (no amulet)
Stlth  ++........               (no ring)
                                n - +3 ring of dexterity

@: very slightly contaminated, not resistant to hostile enchantments, unstealthy
A: unfitting armour, cold-blooded, AC +4
a: no special abilities


You were on level 1 of the Dungeon.
You were not hungry.

You visited 1 branch of the dungeon, and saw 2 of its levels.

You collected 57 gold pieces.

Inventory:

Hand Weapons
 j - a +0 short sword (weapon)
Armour
 a - a +0 hat (worn)
Jewellery
 n - a +3 ring of dexterity (left hand)
Scrolls
 d - a scroll of recharging {unknown}
 e - a scroll of enchant weapon {unknown}
 f - 3 scrolls of noise {unknown}
 h - a scroll of teleportation {unknown}
 i - 2 scrolls of remove curse {unknown}
 k - a scroll of identify {unknown}
Potions
 g - a potion of degeneration {unknown}
Books
 b - a book of Minor Magic

   Spells                             Type                      Level
   a - Magic Dart                     Conjuration                  1
   b - Blink                          Translocation                2
   c - Call Imp                       Summoning                    2
   d - Repel Missiles                 Charms/Air                   2
   e - Slow                           Hexes                        2
   f - Conjure Flame                  Conjuration/Fire             3
   g - Mephitic Cloud                 Conjuration/Poison/Air       3
Comestibles
 c - a bread ration
 l - 2 fruits
 m - a meat ration


   Skills:
 + Level 0.9 Fighting
 + Level 2.0 Dodging
 - Level 1.7 Stealth
 + Level 3.2 Spellcasting
 * Level 1.8 Conjurations
   Level 1.0 Summonings
 - Level 1.0 Translocations


You had 4 spell levels left.
You knew the following spells:

 Your Spells              Type           Power        Failure   Level  Hunger
x - Blink                 Tloc           N/A          17%         2    ##.....
z - Magic Dart            Conj           #...         10%         1    None


Dungeon Overview and Level Annotations

Branches:
Dungeon (2/15)

Altars:

Annotations:
D:1 Terence


Innate Abilities, Weirdness & Mutations

Your plain brown scales are hard (AC +4).
Your body does not fit into most forms of armour.
You are cold-blooded and may be slowed by cold attacks.


Message History

Terence hits you with a hand axe.
* * * LOW HITPOINT WARNING * * *
You take 1 damage, and have 5/22 hp.
You now have 0/6 mp.
Unknown command.
There is an open door, spattered with blood here.
Terence says, "Rest in peace."
There is a stone staircase leading up here.
Terence hits you with a hand axe.
* * * LOW HITPOINT WARNING * * *
You climb upwards.
There is a stone staircase leading down here.
You take 5 damage, and have 1/22 hp.
MASSIVE DAMAGE!!
Casting: Blink
Confirm with . or Enter, or press ? or * to list all spells.
You miscast Blink.
Your skin tingles.
Terence barely misses you.
You now have 1/6 mp.
Terence shouts, "ATTACK!!!"
There is a stone staircase leading down here.
Terence hits you with a hand axe!
You die...

.#........................##.#...
.###.#######.##.#####........#...
.# #.# #.....#.# #.#.#.####...
.###.####.###.#.# #.#.#........
..##.##≈...≈#.#.# #......####..
..##.#≈♣≈.≈♣≈...# ###....#.....
..##(≈♣⌠♣≈♣⌠♣≈..# ###..#.###.
..'..#(♣...♣≈#..####### #..#.# #.
..#####≈...≈....@.....# #..#.###.
..# #≈(..≈.#...@###.###..÷÷....
..# #≈.<)≈.#.............#.####
### #≈...≈...>#.#.####...#.# # #
##≈...≈.#..#.#........#.# # #
##≈♣....≈#..#.########.#.# # #
#≈♣⌠♣≈.⌠.≈..#..........#.# #
######≈♣≈.≈.≈#..############.# #
.......≈...≈....# #.# #


You could see Terence.

Vanquished Creatures
  A dart slug (D:1)
  2 bats (D:1)
  3 giant cockroaches (D:1)
  A goblin (D:1)
  3 hobgoblins
  3 jackals (D:1)
  3 kobolds (D:1)
  2 rats (D:1)
18 creatures vanquished.

Vanquished Creatures (others)
  4 toadstools (D:1)
4 creatures vanquished.

Grand Total: 22 creatures vanquished

Notes
Turn   | Place    | Note
--------------------------------------------------------------
     0 | D:1      | namelastname112 the Draconian Wizard began the quest for the Orb.
     0 | D:1      | Reached XP level 1. HP: 14/14 MP: 4/4
   316 | D:1      | Reached XP level 2. HP: 22/22 MP: 4/6
   501 | D:1      | Learned a level 2 spell: Blink
   883 | D:2      | Noticed Terence
   910 | D:2      | HP: 1/22 [Terence/hand axe (5)]
   941 | D:1      | Slain by Terence

Vault maps used:
D:1:      ldierk_water_garden
D:2:      uniq_terence, uniq_robin, uniq_iyjb, uniq_jessica

Skill      XL: |  1  2 |
---------------+-------+-----
Dodging        | 2 |  2.0
Fighting       | |  0.9
Stealth        | |  1.7
Spellcasting   | |  3.2
Conjurations   | |  1.8
Summonings     | |  1.0
Translocations | |  1.0

Action                   || total
-------------------------++-------
Melee: Short sword       ||    45
       Unarmed           ||     2
       Tailslap          ||     4
 Cast: Magic Dart        ||    31
 Stab: Sleeping          ||     1
Armor: Skin              ||    28
Dodge: Dodged            ||    50
